AoeStats
← Sylar

Arabia

508032962Analyzed
3v3 RM · 2mo ago on Sep 20, 2026· 64m 4s· 6 players
Game mode
Random Map
Map size
Normal (6 player)
Population
200
Speed
Normal
Resources
Standard
Victory
Conquest
Starting age
Dark Age
Ending age
Imperial Age
RankedLock teamsTeams togetherTeam positionsShared explorationLock speedFull tech treeHidden civsTurbo modeCheats
Victory
Defeat
🇫🇷 Goths · France
776
+17
🇫🇷 Franks · France
744
+18
🇫🇷 Bohemians · France
732
+19
vs
🇸🇰 Persians · Slovakia
832
-19
🇸🇰 Japanese · Slovakia
807
-19
🇸🇰 Khmer · Slovakia
744
-18
Nomisteak
5:55 Loom
10:17 Feudal Age
17:05 Double-Bit Axe
20:10 Castle Age
18:36 Horse Collar
22:13 Bow Saw
22:06 Heavy Plow
22:34 Squires
21:56 Pikeman
22:49 Forging
22:40 Scale Mail Armor
26:14 Wheelbarrow
28:03 Hand Cart
27:39 Town Watch
28:40 Masonry
28:11 Treadmill Crane
28:28 Murder Holes
34:49 Imperial Age
35:53 Conscription
38:01 Elite Hussite Wagon
40:09 Chemistry
39:40 Architecture
41:46 Caravan
42:54 Ballistics
46:23 Padded Archer Armor
46:14 Fletching
46:16 Halberdier
46:42 Arson
49:26 Two-Man Saw
47:52 Houfnice
59:46 Siege Engineers
59:59 Leather Archer Armor
59:40 Bodkin Arrow
60:20 Iron Casting
60:01 Chain Mail Armor
CrêpeCaramel
4:08 Loom
10:27 Feudal Age
11:01 Double-Bit Axe
11:01 Horse Collar
20:31 Castle Age
19:03 Gold Mining
20:39 Stone Mining
21:58 Squires
22:12 Forging
22:03 Scale Mail Armor
22:43 Wheelbarrow
22:59 Town Watch
23:28 Bow Saw
23:50 Man-at-Arms
27:14 Iron Casting
26:53 Heavy Plow
29:34 Pikeman
33:55 Anarchy
34:10 Husbandry
37:06 Hand Cart
40:44 Imperial Age
39:22 Scale Barding Armor
39:33 Chain Mail Armor
39:50 Ballistics
40:49 Capped Ram
40:53 Elite Huskarl
41:37 Perfusion
42:56 Blast Furnace
41:47 Fletching
42:18 Chain Barding Armor
41:33 Halberdier
44:11 Chemistry
43:23 Masonry
43:48 Town Patrol
43:16 Onager
43:27 Cavalier
48:11 Bodkin Arrow
48:16 Padded Archer Armor
51:06 Elite Skirmisher
52:36 Leather Archer Armor
52:22 Bracer
52:54 Bloodlines
52:08 Light Cavalry
55:07 Caravan
56:18 Ring Archer Armor
55:57 Crossbowman
58:12 Two-Man Saw
Sylar
5:52 Loom
11:27 Feudal Age
20:03 Double-Bit Axe
22:25 Castle Age
23:41 Wheelbarrow
24:29 Husbandry
23:50 Light Cavalry
25:26 Scale Barding Armor
29:38 Bow Saw
29:19 Town Watch
36:27 Hand Cart
38:25 Stone Mining
39:07 Forging
38:52 Fletching
42:55 Ballistics
46:55 Imperial Age
48:30 Imperial Age
46:53 Murder Holes
47:09 Masonry
47:12 Fortified Wall
51:10 Elite Throwing Axeman
52:28 Hoardings
54:33 Town Patrol
57:24 Chemistry
56:32 Siege Engineers
56:57 Architecture
57:03 Caravan
57:15 Squires
57:01 Arson
57:47 Pikeman
60:46 Halberdier
62:05 Gold Mining
64:22 Gold Shaft Mining
64:37 Chivalry
64:58 Conscription
Mañana
7:06 Loom
9:15 Feudal Age
9:31 Man-at-Arms
17:28 Fletching
20:47 Padded Archer Armor
25:30 Castle Age
24:24 Double-Bit Axe
24:37 Gold Mining
24:29 Horse Collar
25:33 Crossbowman
27:40 Wheelbarrow
27:47 Bodkin Arrow
29:30 Hand Cart
36:35 Imperial Age
34:37 Thumb Ring
35:02 Ballistics
37:00 Leather Archer Armor
36:48 Heavy Plow
37:01 Bow Saw
36:42 Arbalester
36:54 Light Cavalry
37:37 Husbandry
38:37 Bracer
39:08 Caravan
42:17 Ring Archer Armor
45:41 Conscription
47:56 Chemistry
47:28 Kataparuto
57:07 Two-Man Saw
56:19 Scale Mail Armor
56:30 Forging
62:03 Onager
tobotobitobo
11:05 Feudal Age
14:22 Wheelbarrow
13:43 Horse Collar
13:55 Double-Bit Axe
15:17 Town Watch
19:45 Castle Age
20:28 Heavy Plow
23:52 Hand Cart
26:37 Scale Barding Armor
26:43 Forging
27:02 Gold Mining
27:03 Stone Mining
27:57 Bow Saw
28:35 Loom
knarf
8:08 Loom
12:20 Feudal Age
16:40 Castle Age
16:45 Double-Bit Axe
16:43 Horse Collar
21:14 Bow Saw
22:57 Husbandry
23:08 Bloodlines
23:39 Heavy Plow
25:38 Gold Mining
25:38 Stone Mining
32:27 Caravan
32:41 Scale Barding Armor
32:47 Forging
34:07 Gold Shaft Mining
34:07 Stone Shaft Mining
34:16 Wheelbarrow
35:43 Hand Cart
36:57 Chain Barding Armor
37:12 Iron Casting
43:34 Imperial Age
43:43 Town Watch
44:36 Plate Barding Armor
45:02 Blast Furnace
43:27 Cavalier
46:01 Savar
Connection lost

Rejoining the realm…

Still unreachable

The connection could not be restored.

Session expired

The server has moved on; the page needs a fresh start.